Map: Mech Depot LE

Players

NoRegreT - Winner!

  • Race: Zerg Zerg
  • Spawn Location: 7:00

AdminA

  • Race: Protoss Protoss
  • Spawn Location: 1:00

Event: WCS Montreal 2017

VOD

Have the link to the VOD?

Description

Time

  • Played on: Sept. 8, 2017, 12:09 p.m.
  • Length: 4:02

All games in this series

Show
View Real Time Build Order
Export as new Build Order

NoRegreT Zerg - Winner!

Build Orders: Pool First 

Get SALT Encoding   

  12  0:01  Drone  
  13  0:12  Extractor  
  12  0:26  Spawning Pool  
  11  0:29  Drone  
  11  0:33  Drone  
  13  0:39  Drone  
  14  0:49  Overlord  
  14  1:13  Zergling x6  
  14  1:15  Metabolic Boost  
  17  1:27  Queen  
  17  1:29  Zergling x2  
  20  1:35  Zergling x2  
  21  1:46  Zergling x2  
  22  1:59  Overlord  
  22  2:14  Hatchery  
  22  2:15  Zergling x2  
  22  2:19  Zergling x2  
  23  2:34  Zergling x2  
  23  2:37  Zergling x2  
  23  2:38  Zergling x4  
  26  2:45  Zergling x2  
  27  2:53  Evolution Chamber  
  27  2:54  Zergling x2  
  26  3:06  Zergling x2  
  26  3:13  Zergling x4  
  26  3:14  Zergling x2  
  28  3:20  Zergling x2  
  28  3:26  Zergling x2  
  30  3:30  Zergling x2  
  29  3:38  Zergling x2  
  29  3:41  Zergling x2  
Show
View Real Time Build Order
Export as new Build Order

AdminA Protoss 

Build Orders: 1 Gate Expand 

Get SALT Encoding   

  12  0:02  Probe (Chrono Boost)  
  13  0:13  Probe (Chrono Boost)  
  14  0:19  Pylon  
  14  0:23  Probe (Chrono Boost)  
  15  0:38  Probe (Chrono Boost), Gateway  
  16  0:48  Probe (Chrono Boost)  
  16  0:49  Assimilator  
  17  0:59  Probe (Chrono Boost)  
  18  1:11  Probe (Chrono Boost)  
  19  1:22  Nexus  
  19  1:33  Cybernetics Core  
  19  1:35  Probe (Chrono Boost)  
  20  1:40  Zealot (Chrono Boost)  
  22  1:48  Pylon  
  22  1:55  Pylon  
  21  2:05  Zealot (Chrono Boost)  
  21  2:07  Probe  
  24  2:19  Probe  
  25  2:23  Pylon  
  25  2:32  Probe  
  26  2:46  Mothership Core  
  28  2:55  Gateway  
  28  2:58  Pylon  
  28  3:05  Gateway  
  26  3:11  Gateway  
  24  3:13  Probe  
  24  3:15  Probe  
  26  3:23  Probe  
  27  3:27  Assimilator, Probe  
  27  3:33  Gateway  
  28  3:38  Pylon  
  28  3:43  Pylon  
  22  3:54  Cybernetics Core  
Tags
 
Add a new tag
Caveats
  • Supply blocks, unpowered buildings, or Contaminate may cause inaccurate times.
  • Supply counts are checked every 10 seconds.